 Dungeon Crawl Stone Soup version 0.22-a0-482-g76e0a5f (webtiles) character file.

3579 stealthycow the Basher (level 10, -3/63 HPs)
             Began as a Gargoyle Fighter on June 17, 2018.
             Was a Priest of Makhleb.
             Slain by a hornet (5 damage)
             ... on level 7 of the Dungeon.
             The game lasted 00:22:01 (7044 turns).

stealthycow the Basher (Gargoyle Fighter)           Turns: 7044, Time: 00:22:02

Health: -3/63      AC: 21    Str: 22    XL:     10   Next: 10%
Magic:  11/11      EV:  6    Int: 10    God:    Makhleb [***...]
Gold:   481        SH: 10    Dex:  9    Spells: 7/9 levels left

rFire    . . .     SeeInvis .   g - +4 mace
rCold    . . .     Gourm    .   c - +0 shield
rNeg     + . .     Faith    .   H - +0 chain mail {rPois}
rPois    ∞         Spirit   .   n - +0 helmet
rElec    +         Reflect  .   r - +0 cloak
rCorr    .         Harm     .   (no gloves)
MR       .....                  e - +0 pair of boots
Stlth    ..........             (no amulet)
HPRegen  0.20/turn              (no ring)
MPRegen  0.12/turn              (no ring)

@: no status effects
A: negative energy resistance 1, electricity resistance, unbreathing,
petrification resistance, rot immunity, AC +7
a: Minor Destruction, Lesser Servant of Makhleb, Renounce Religion


You were on level 7 of the Dungeon.
You worshipped Makhleb.
Makhleb was most pleased with you.
You were not hungry.

You visited 1 branch of the dungeon, and saw 8 of its levels.

You collected 481 gold pieces.

Inventory:

Hand Weapons
 g - a +4 mace (weapon)
Missiles
 w - 4 javelins
 F - 8 javelins of penetration (quivered)
Armour
 c - a +0 shield (worn)
 e - a +0 pair of boots (worn)
 n - a +0 helmet (worn)
 r - a +0 cloak (worn)
 H - a +0 chain mail of poison resistance (worn)
Wands
 y - a wand of digging (8)
 E - a wand of iceblast (9)
Scrolls
 h - a scroll of fear {unknown}
 j - 3 scrolls of fog {unknown}
 k - a scroll of enchant weapon {unknown}
 l - a scroll of magic mapping {unknown}
 m - a scroll of blinking {unknown}
 o - 9 scrolls of remove curse {unknown}
 p - 2 scrolls of identify {unknown}
 s - 3 scrolls of teleportation {unknown}
 B - a scroll of immolation {unknown}
 D - 2 scrolls of amnesia {unknown}
 G - a scroll of enchant armour {unknown}
Potions
 a - a potion of agility {unknown}
 b - 4 potions of heal wounds {unknown}
 d - 4 potions of might
 i - 2 potions of brilliance {unknown}
 q - 6 potions of curing
 t - a potion of berserk rage {unknown}
 u - a potion of ambrosia {unknown}
 v - 4 potions of flight {unknown}
 x - a potion of mutation {unknown}
 z - a potion of haste
 A - 2 potions of degeneration {unknown}
 C - a potion of cancellation {unknown}
Comestibles
 f - 13 rations


   Skills:
 + Level 7.2 Fighting
 * Level 8.6 Maces & Flails
 + Level 7.2 Armour
 + Level 7.2 Shields
 - Level 2.0 Transmutations
 - Level 3.9 Earth Magic
 - Level 2.6 Invocations


You had 7 spell levels left.
You knew the following spells:

 Your Spells              Type           Power        Failure   Level  Hunger
a - Passwall              Tmut/Erth      #.......     97%         2    ###....

Your spell library contained the following spells:

 Spells                   Type           Power        Failure   Level  Hunger
 Stone Arrow              Conj/Erth      #.....       100%        3    ####...
 Lee's Rapid Deconstruct  Erth           #.........   100%        5    ######.
 Sandblast                Erth           #.....       83%         1    ##.....
 Petrify                  Tmut/Erth      #.......     100%        4    #####..


Dungeon Overview and Level Annotations

Branches:
Dungeon (8/15)             Temple (0/1) D:6
   Lair: D:8-11

Altars:
Cheibriados
Dithmenos
Gozag
Makhleb
Nemelex Xobeh
Qazlal
Uskayaw
Vehumet
Wu Jian
Yredelemnul
The Shining One


Innate Abilities, Weirdness & Mutations

You are resistant to torment.
Your stone body is resilient. (AC +7)
You are immune to poison.
You resist negative energy. (rN+)
You are resistant to electric shocks. (rElec)
You can survive without breathing.
You are immune to petrification.
You are immune to rotting.


Message History

The hornet is moderately wounded.
You block the hornet's attack.
You hear some strange, mumbled words.
Something tries to affect you, but you resist.
The hornet stings you but does no damage.
You sock the hornet!
The hornet is severely wounded.
The hornet barely misses you. You block something's attack.
You hit the hornet but do no damage.
The hornet is severely wounded.
You block the hornet's attack. Something hits you but does no damage.
The hornet stings you but does no damage.
You hit the hornet but do no damage.
The hornet is severely wounded.
The hornet stings you but does no damage.
Something hits you but does no damage.
You closely miss the hornet.
The hornet is severely wounded.
The hornet stings you.
You die...

.#######.#..#
......(.....####################
...............<...............#
..######.##.##################.##
.........##.# #....#..
#.#####..##.# #.###.## .#.##
#..##.# #.# #.#
###.###..##.##############.###.#
# ##...........y@{........)..#.#
###.####.####.###########......#
.#.....)..# #.# #......#
..#####...# #.###########.....##
..#####...###............#...##
####.........###########.##.##
..##.........# #.##.#
#.##.........# #.##.#
#.#####...#### #.##.#


You could see a hornet.

Vanquished Creatures
  Pikel (D:3)
  Grinder (D:5)
  A hungry ghost (D:7)
  An orc warrior (D:6)
  A slave (D:3)
  2 ice beasts
  A necrophage (D:5)
  2 ogres (D:7)
  A centaur (D:6)
  Blork the orc (D:4)
  5 big kobolds
  2 scorpions
  9 wights
  2 killer bees
  2 electric eels (D:6)
  A howler monkey (D:6)
  4 crimson imps
  4 hounds
  Crazy Yiuf (D:2)
  3 orc priests
  Natasha (thrice) (D:2)
  2 iguanas (D:7)
  6 orc wizards
  4 worker ants
  A hound zombie (D:5)
  A worker ant zombie (D:5)
  Robin (D:2)
  4 adders
  4 gnolls
  A river rat (D:4)
  2 shadow imps
  2 oozes
  An adder zombie (D:6)
  3 worms
  4 leopard geckos
  25 orcs
  8 bats
  5 giant cockroaches
  17 goblins
  17 hobgoblins
  5 jackals
  A quokka (D:6)
  3 ball pythons
  4 frilled lizards
  A jackal skeleton (D:7)
  43 kobolds
  A quokka skeleton (D:5)
  A quokka zombie (D:5)
  4 rats
219 creatures vanquished.

Vanquished Creatures (others)
  An orc priest (D:4)
  An orc (D:4)
2 creatures vanquished.

Grand Total: 221 creatures vanquished

Notes
Turn   | Place    | Note
-------+----------+-------------------------------------------
     0 | D:1      | stealthycow the Gargoyle Fighter began the quest for the Orb.
     0 | D:1      | Reached XP level 1. HP: 14/14 MP: 1/1
   195 | D:1      | Reached XP level 2. HP: 19/19 MP: 2/2
   531 | D:2      | Reached XP level 3. HP: 23/23 MP: 3/3
   542 | D:2      | Found a stormy altar of Qazlal.
   641 | D:2      | Noticed Robin
   756 | D:1      | Reached skill level 3 in Maces & Flails
   787 | D:2      | Killed Robin
   787 | D:2      | Reached XP level 4. HP: 26/29 MP: 4/4
   918 | D:2      | Noticed Natasha
   926 | D:2      | Killed Natasha
   949 | D:2      | Found a snail-covered altar of Cheibriados.
  1048 | D:2      | Found a runed door.
  1052 | D:2      | Noticed Crazy Yiuf
  1063 | D:2      | Killed Crazy Yiuf
  1063 | D:2      | Reached XP level 5. HP: 17/33 MP: 0/5
  1264 | D:2      | Noticed Natasha
  1267 | D:2      | Killed Natasha
  1306 | D:2      | Found a glowing golden altar of the Shining One.
  1352 | D:2      | Noticed Natasha
  1364 | D:2      | Killed Natasha
  1369 | D:2      | Reached skill level 4 in Maces & Flails
  1628 | D:3      | Found an ornate altar of the Wu Jian Council.
  1638 | D:3      | Found a basalt altar of Yredelemnul.
  1766 | D:3      | Reached XP level 6. HP: 35/38 MP: 6/6
  2569 | D:4      | Found a snail-covered altar of Cheibriados.
  2685 | D:4      | Noticed Pikel
  2685 | D:4      | Noticed a slave
  2685 | D:4      | Noticed a slave
  2685 | D:4      | Noticed a slave
  2685 | D:4      | Noticed a slave
  2713 | D:3      | Killed a slave
  2779 | D:3      | Killed Pikel
  2779 | D:3      | Reached skill level 5 in Fighting
  2779 | D:3      | Reached skill level 5 in Maces & Flails
  2779 | D:3      | Reached skill level 5 in Armour
  2779 | D:3      | Reached skill level 5 in Shields
  2779 | D:3      | Reached XP level 7. HP: 30/44 MP: 7/7
  2779 | D:3      | Reached XP level 8. HP: 33/49 MP: 8/8
  2927 | D:4      | Found a radiant altar of Vehumet.
  2927 | D:4      | Found a burning altar of Makhleb.
  2938 | D:4      | Became a worshipper of Makhleb the Destroyer
  3203 | D:4      | Reached skill level 6 in Maces & Flails
  3418 | D:5      | Entered Level 5 of the Dungeon
  3419 | D:5      | Noticed Blork the orc
  3442 | D:4      | Killed Blork the orc
  3628 | D:5      | Reached skill level 1 in Invocations
  3720 | D:5      | Learned a level 2 spell: Passwall
  3770 | D:5      | Reached * piety under Makhleb
  3942 | D:5      | Reached skill level 1 in Earth Magic
  4061 | D:5      | Noticed Grinder
  4073 | D:5      | Paralysed by Grinder for 6 turns
  4082 | D:5      | Killed Grinder
  4082 | D:5      | Reached skill level 7 in Maces & Flails
  4082 | D:5      | Reached XP level 9. HP: 39/55 MP: 10/10
  4228 | D:5      | Found a hide-covered altar of Uskayaw.
  4403 | D:6      | Found a shadowy altar of Dithmenos.
  4989 | D:6      | Reached ** piety under Makhleb
  5029 | D:6      | Reached skill level 1 in Transmutations
  5623 | D:6      | Found a staircase to the Ecumenical Temple.
  5636 | D:6      | Found Qyamnoemig's Antique Weapon Boutique.
  5664 | D:6      | Found a sparkling altar of Nemelex Xobeh.
  6072 | D:7      | Reached skill level 8 in Maces & Flails
  6294 | D:7      | Found an opulent altar of Gozag.
  6676 | D:7      | Reached XP level 10. HP: 59/63 MP: 11/11
  6969 | D:7      | Reached *** piety under Makhleb
  7036 | D:7      | HP: 1/63 [hornet (7)]
  7044 | D:7      | Slain by a hornet

Vault maps used:
D:1:      dpeg_arrival_round_c, palyth_stone_intersect, corexii_corridor_pit
D:2:      grunt_qazlal_clouds, tso_oasis_becter, overflow_temple_1_default,
          uniq_crazy_yiuf_cottage, uniq_natasha, uniq_robin
D:3:      lemuel_round_altar, yredelemnul_altar_generic
D:4:      grunt_temple_overflow_lords_of_destruction, first_ration,
          portal_sewer_entry_b, cheibriados_altar_1, uniq_pikel
D:5:      eat_drink_and_be_merry_uskayaw, minmay_joined_circles, uniq_grinder,
          uniq_blork_the_orc
D:6:      minmay_goblin_kobold_castle, grunt_dithmenos_smoke_and_mirrors,
          kennysheep_mini, minmay_temple_entry_trees, serial_shops, shop
D:7:      lemuel_round_altar

Skill      XL: |  1  2  3  4  5  6  7  8  9 |
---------------+----------------------------+-----
Maces & Flails | 3 4 5 7 8 |  8.6
Fighting       | 4 5 6 7 |  7.2
Armour         | 4 5 6 7 |  7.2
Shields        | 4 5 6 7 |  7.2
Invocations    | 2 |  2.6
Earth Magic    | 2 3 |  3.9
Transmutations | 2 |  2.0

Action                   |  1- 3 |  4- 6 |  7- 9 | 10-12 || total
-------------------------+-------+-------+-------+-------++-------
Melee: Mace              |    86 |   194 |   536 |    81 ||   897
  Eat: Chunk             |       |     6 |    13 |       ||    19
       Ration            |       |       |     1 |     1 ||     2
Armor: Scale mail        |    68 |    47 |       |       ||   115
       Chain mail        |       |    57 |   333 |   107 ||   497
Dodge: Dodged            |    32 |    45 |   138 |    44 ||   259
Block: Shield            |    45 |    96 |   317 |    74 ||   532

Table legend:
 A = Spawn XP
 B = Non-spawn XP
 C = Spawn XP percentage of total XP
 D = Spawn monster count
 E = Non-spawn monster count
 F = Spawn count percentage of total count
 G = Total turns spent on level
                    A         B        C        D         E        F      G
               +---------+---------+-------+---------+---------+-------+---------
         Total |       0 |    5114 |   0.0 |       0 |     218 |   0.0 |  7044
               +---------+---------+-------+---------+---------+-------+---------
           D:1 |       0 |      32 |   0.0 |       0 |      19 |   0.0 |   629
           D:2 |       0 |     257 |   0.0 |       0 |      37 |   0.0 |   865
           D:3 |       0 |     795 |   0.0 |       0 |      21 |   0.0 |  1105
           D:4 |       0 |     375 |   0.0 |       0 |      18 |   0.0 |   924
           D:5 |       0 |    1109 |   0.0 |       0 |      32 |   0.0 |   880
           D:6 |       0 |    1403 |   0.0 |       0 |      67 |   0.0 |  1658
           D:7 |       0 |    1076 |   0.0 |       0 |      21 |   0.0 |   924
           D:8 |       0 |      67 |   0.0 |       0 |       3 |   0.0 |    59
               +---------+---------+-------+---------+---------+-------+---------
